 Dungeon Crawl Stone Soup version bcrawl-1.36 (webtiles) character file.

Game seed: 3753106808859817072

197149 Mrkan the Skirmisher (level 6, -2/71 HPs)
             Began as an Ogre Fighter on Apr 17, 2022.
             Was a Follower of Qazlal.
             Killed by divine providence
             ... invoked by an orc priest
              (10 damage)
             ... on level 4 of the Dungeon.
             The game lasted 00:05:12 (2933 turns).

Mrkan the Skirmisher (Ogre Fighter)                 Turns: 2933, Time: 00:05:13

Health: -2/71      AC:  6    Str: 22    XL:     6   Next: 72%
Magic:  7/7        EV: 10    Int: 10    God:    Qazlal [*.....]
Gold:   142        SH:  2    Dex:  8    Spells: 5/5 levels left

rFire    . . .     SeeInvis .   t - +0 giant spiked club
rCold    . . .     Gourm    .   (shield currently unavailable)
rNeg     . . .     Faith    .   b - +0 robe
rPois    .         Spirit   .   (helmet restricted)
rElec    .         Reflect  .   m - +2 cloak {+Inv}
rCorr    .                      (gloves unavailable)
MR       .....                  (boots unavailable)
Stlth    +.........             (no amulet)
HPRegen  0.21/turn              (no ring)
MPRegen  0.10/turn              (no ring)

@: lethally poisoned (-2 -> -3)
A: large, unfitting armour, tough skin 1
a: Renounce Religion, Evoke Invisibility


You were on level 4 of the Dungeon.
You worshipped Qazlal.
Qazlal was aware of your devotion.
You were not hungry.

You visited 1 branch of the dungeon, and saw 5 of its levels.

You collected 142 gold pieces.

Inventory:

Hand Weapons
 a - a +0 flail
 t - a +0 giant spiked club (weapon)
Missiles
 s - 142 poisoned tomahawks (quivered)
Armour
 b - a +0 robe (worn)
 c - a +0 medium shield
 m - a +2 cloak of invisibility (worn)
Jewellery
 n - the cursed ring of Famaghiq {*Drain rC+ rN+ Stlth--, unknown}
   (You found it on level 2 of the Dungeon)

   [ring of attention]

   It protects you from cold.
   It protects you from negative energy.
   It causes draining when unequipped.
   It makes you much less stealthy.
   It has a curse placed upon it.
Scrolls
 f - 2 scrolls of fear {unknown}
 g - 2 scrolls of enchant armour {unknown}
 h - a scroll of fog {unknown}
 i - 2 scrolls of identify
 j - 2 scrolls of teleportation {unknown}
 p - a scroll of remove curse {unknown}
 q - a scroll of amnesia {unknown}
Potions
 d - 3 potions of might
 k - a potion of cancellation {unknown}
 l - a potion of curing {unknown}
 o - a potion of lignification {unknown}
 r - a potion of flight {unknown}
Comestibles
 e - 4 rations {!d}


   Skills:
 * Level 7.4 Fighting
 + Level 4.5 Maces & Flails
 - Level 1.3 Armour
 - Level 2.6 Dodging
 - Level 2.6 Shields
 + Level 2.5 Invocations


You had 5 spell levels left.
You didn't know any spells.
Your spell library was empty.

Dungeon Overview and Level Annotations

Branches:
Dungeon (5/12)
 Temple: D:4-7

Altars:
Ashenzari
Cheibriados
Elyvilon
Fedhas
Hepliaklqana
Qazlal
Xom
Zin

Annotations:
D:4 Dowan, Duvessa


Innate Abilities, Weirdness & Mutations

You are too large for most types of armour.
You have tough skin. (AC +1)


Message History

The orc priest is severely wounded.
You closely miss the orc.
You feel sick. The orc barely misses you. The orc priest misses you.
You barely miss the orc priest.
The orc priest is severely wounded.
You impale the orc!!
You kill the orc!
Qazlal accepts your kill.
The orc priest hits you with a +0 war axe.
* * * LOW HITPOINT WARNING * * *
You barely miss the orc priest.
The orc priest is severely wounded.
You feel sick.
The orc priest hits you with a +0 war axe.
* * * LOW HITPOINT WARNING * * *
The orc priest hits you with a +0 war axe.
* * * LOW HITPOINT WARNING * * *
The orc priest calls down the wrath of Beogh upon you.
Beogh smites you!
You die...

##################
>(e..............#
#####.##..........
#.##.##.####.#
##.##<##.# #.#
####...#.##.# #.#
............# #.#
###....###..####@#####.#
#.#.## #.....(ยง.o....#
#.#............#)....#
..#######.########.....
#### #.# ..## #.# ...
#.# ## #.# #.#


You could see an orc priest.

Vanquished Creatures
  An ogre (D:4)
  An orc priest (D:4)
  A crimson imp (D:2)
  An iguana (D:5)
  2 worker ants
  3 gnolls (D:3)
  2 adders
  2 adder skeletons
  5 worms
  A dart slug (D:1)
  6 leopard geckos
  4 orcs
  3 bats
  6 goblins
  4 hobgoblins
  7 jackals
  9 kobolds
  A quokka (D:3)
  3 frilled lizards
  5 rats
67 creatures vanquished.

Notes
Turn   | Place    | Note
-------+----------+-------------------------------------------
     0 | D:1      | Mrkan the Ogre Fighter began the quest for the Orb.
     0 | D:1      | Reached XP level 1. HP: 24/24 MP: 1/1
   190 | D:1      | Reached XP level 2. HP: 16/33 MP: 2/2
   636 | D:1      | Reached XP level 3. HP: 41/41 MP: 3/3
  1138 | D:2      | Reached skill level 5 in Fighting
  1187 | D:2      | Got a faintly glowing tin ring
  1266 | D:2      | Reached skill level 1 in Armour
  1266 | D:2      | Reached XP level 4. HP: 50/50 MP: 4/4
  1270 | D:2      | Found a white marble altar of Elyvilon.
  1270 | D:2      | Found a hazy altar of Hepliaklqana.
  1270 | D:2      | Found a glowing silver altar of Zin.
  1270 | D:2      | Found a shattered altar of Ashenzari.
  1298 | D:2      | Found a snail-covered altar of Cheibriados.
  1302 | D:2      | Found a stormy altar of Qazlal.
  1337 | D:2      | Became a worshipper of Qazlal Stormbringer
  1793 | D:2      | Found a faded altar of an unknown god.
  2172 | D:3      | Reached XP level 5. HP: 45/59 MP: 5/5
  2234 | D:3      | Reached * piety under Qazlal
  2242 | D:3      | Reached skill level 6 in Fighting
  2242 | D:3      | Reached skill level 1 in Invocations
  2440 | D:3      | HP: 3/61 [gnoll/+0 spear (9)]
  2443 | D:4      | Noticed Duvessa
  2443 | D:4      | Noticed Dowan
  2455 | D:5      | Entered Level 5 of the Dungeon
  2709 | D:4      | Noticed an ogre
  2721 | D:4      | Killed an ogre
  2722 | D:4      | Reached skill level 7 in Fighting
  2722 | D:4      | Reached XP level 6. HP: 26/71 MP: 7/7
  2872 | D:4      | Found a shimmering altar of Xom.
  2872 | D:4      | Found a blossoming altar of Fedhas.
  2933 | D:4      | Killed from afar by an orc priest

Skill      XL: |  1  2  3  4  5 |
---------------+----------------+-----
Fighting       | 5 7 |  7.4
Maces & Flails | 3 4 |  4.5
Armour         | 1 |  1.3
Invocations    | 2 |  2.5
Dodging        | |  2.6
Shields        | |  2.6

Action                   |  1- 3 |  4- 6 || total
-------------------------+-------+-------++-------
Melee: Flail             |    72 |   170 ||   242
       Giant spiked club |       |     8 ||     8
  Eat: Chunk             |     3 |    12 ||    15
Armor: Robe              |    27 |    49 ||    76
Dodge: Dodged            |    23 |    48 ||    71
Block: Medium shield     |    32 |    80 ||   112
       Other             |       |     1 ||     1
